 Dungeon Sprint DCSS version 0.19-a0-450-g98b348d (webtiles) character file.

24229 Kidiri the Unseen (level 12, -2/57 HPs)
             Began as a Spriggan Enchanter on June 1, 2016.
             Was the Champion of Dithmenos.
             Slain by a fire giant
             ... wielding a +1 great sword of flaming
              (24 damage)
             ... in the Dungeon (Sprint I: "Red Sonja").
             The game lasted 00:18:54 (4192 turns).

Kidiri the Unseen (Spriggan Enchanter)              Turns: 4192, Time: 00:18:55

Health: -2/57      AC:  3    Str:  4    XL:     12   Next: 78%
Magic:  15/32      EV: 34    Int: 19    God:    Dithmenos [******]
Gold:   1078       SH:  4    Dex: 19    Spells: 11 memorised, 5 levels left

rFire  + . .     SeeInvis +     d - +2 rapier (speed)
rCold  . . .     Gourm    .     n - +1 robe of the Kraken {rF+ MR+} (curse)
rNeg   . . .     Faith    .     (shield restricted)
rPois  .         Spirit   .     (helmet restricted)
rElec  .         Dismiss  .     (no cloak)
rCorr  .         Reflect  +     (gloves unavailable)
SustAt .         Harm     .     (boots unavailable)
MR     +++..     NoTele   +     k - +4 amulet of reflection
Stlth  ++++++++++               (no ring)
                                (no ring)

@: wreathed by umbra, very quick, extremely resistant to hostile enchantments,
uncannily stealthy
A: unfitting armour, see invisible, herbivore 3, speed 3, frail 1, mutation
resistance 1, slow metabolism 2, no device heal 1, subdued magic 1
a: Shadow Step, Shadow Form, Renounce Religion


You were in the Dungeon.
You worshipped Dithmenos.
Dithmenos was exalted by your worship.
You were full.

You visited 1 branch You collected 4047 gold pieces.
You spent 2969 gold pieces at shops.

Inventory:

Hand Weapons
 d - a +2 rapier of speed (weapon)
 i - a +2 dagger of speed
Armour
 b - a +1 robe
 m - the +0 robe of the Hills {Int+2}
   (You found it in the Dungeon)

   It affects your intelligence (+2).
 n - the cursed +1 robe of the Kraken (worn) {rF+ MR+}
   (You found it in the Dungeon)

   It protects you from fire.
   It affects your resistance to hostile enchantments.
   It has a curse placed upon it.
Jewellery
 k - a +4 amulet of reflection (around neck)
 q - an uncursed amulet of dismissal
 r - the ring "Nulenum" {Ice +Fly rElec rPois rN+}
   (You bought it in a shop in the Dungeon)

   [ring of ice]

   It enhances your ice magic, and weakens your fire magic.
   It makes you vulnerable to fire.
   It protects you from cold.
   It insulates you from electricity.
   It protects you from poison.
   It protects you from negative energy.
   It lets you fly.
Scrolls
 j - 2 scrolls of blinking
 l - 2 scrolls of remove curse
 p - a scroll of identify
 t - a scroll of recharging {unknown}
 v - a scroll of fog {unknown}
Potions
 a - a potion of flight
 e - 5 potions of curing
 g - a potion of haste
 h - 2 potions of magic
 s - a potion of invisibility {unknown}
Books
 c - a book of Maledictions

   Spells                             Type                      Level
   a - Corona                         Hexes                        1
   b - Ensorcelled Hibernation        Hexes/Ice                    2
   c - Confuse                        Hexes                        3
   d - Tukima's Dance                 Hexes                        3
   e - Dazzling Spray                 Conjuration/Hexes            3
 o - a book of Spatial Translocations

   Spells                             Type                      Level
   a - Apportation                    Translocation                1
   b - Blink                          Translocation                2
   c - Shroud of Golubria             Charms/Translocation         2
   d - Portal Projectile              Translocation                3
   e - Teleport Other                 Translocation                3
   f - Passage of Golubria            Translocation                4
 w - a book of the Earth

   Spells                             Type                      Level
   a - Leda's Liquefaction            Hexes/Earth                  4
   b - Bolt of Magma                  Conjuration/Fire/Earth       5
   c - Statue Form                    Transmutation/Earth          6
   d - Iron Shot                      Conjuration/Earth            6
   e - Shatter                        Earth                        9
Comestibles
 u - a bread ration


   Skills:
 + Level 7.7 Fighting
 * Level 14.0 Short Blades
 + Level 7.1 Armour
 * Level 17.8 Dodging
 * Level 19.1 Stealth
 * Level 15.2 Spellcasting
 * Level 6.9 Conjurations
 + Level 11.6 Hexes
 + Level 9.0 Charms
 + Level 8.6 Translocations
 + Level 7.3 Ice Magic
 + Level 1.2 Earth Magic
 - Level 3.2 Invocations


You had 5 spell levels left.
You knew the following spells:

 Your Spells              Type           Power        Failure   Level  Hunger
a - Corona                Hex            #####..      1%          1    None
b - Ensorcelled Hibernat  Hex/Ice        #####.       1%          2    None
c - Confuse               Hex            #####...     1%          3    None
d - Tukima's Dance        Hex            #####...     1%          3    None
e - Dazzling Spray        Conj/Hex       #####.       1%          3    None
f - Apportation           Tloc           #####.....   1%          1    None
g - Blink                 Tloc           N/A          1%          2    None
h - Shroud of Golubria    Chrm/Tloc      #####.....   1%          2    None
i - Passage of Golubria   Tloc           N/A          1%          4    None
j - Iron Shot             Conj/Erth      ###.......   96%         6    #####..
k - Shatter               Erth           ##........   100%        9    #######


Dungeon Overview and Level Annotations

Branches:
Dungeon (1/1)

Altars:
Cheibriados
Dithmenos
Elyvilon
Fedhas
Gozag
Hepliaklqana
Kikubaaqudgha
Makhleb
Nemelex Xobeh
Okawaru
Pakellas
Qazlal
Ru
Sif Muna
Trog
Uskayaw
Vehumet
Xom
Yredelemnul
Zin
The Shining One
Jiyva

Shops:
D *=[((}[%:(}*%:!(=(=[((

Annotations:
D Norris


Innate Abilities, Weirdness & Mutations

You are tiny and cannot use many weapons and most armour.
You have supernaturally acute eyesight. (SInv)
You are a herbivore.
You cover ground extremely quickly.
You need consume almost no food.
You are frail. (-10% HP)
You are somewhat resistant to further mutation.
Potions and wands are less effective at restoring your health.
Your spells are a little easier to cast, but a little less powerful.


Message History

The fire giant is lightly wounded.
The fire giant closely misses you.
Casting: Dazzling Spray
Confirm with . or Enter, or press ? or * to list all spells.
Aiming: Dazzling Spray
Press: ? - help, Shift-Dir - straight line, f/p - fire giant
Aim: a fire giant, wielding a great sword of flaming (black smoke, lightly wounded, umbra)
The spray of energy hits the fire giant.
The fire giant is moderately wounded.
Your shadow mimicks your spell!
The shadow shard hits the fire giant.
Casting: Dazzling Spray
Confirm with . or Enter, or press ? or * to list all spells.
Aiming: Dazzling Spray
Press: ? - help, Shift-Dir - straight line, f/p - fire giant
Aim: a fire giant, wielding a great sword of flaming (black smoke, heavily wounded, umbra)
The spray of energy hits the fire giant.
The fire giant is heavily wounded.
The fire giant hits you with a great sword of flaming!!
You die...

##+####...#@#.##...#,,##..§§#[∩.#
#.^...#...###..###.#,,≈###+##...#
#^.§..+.....##.#A#.#,,≈,,#.####+#
###§§.#^....#..###.#,,≈,##+#§§§§#
+§#§§§###++##.##...#,,≈##§§§§§§§§
#§#.§###..###..#+###,,≈#..§...§.§
#§#..####§.###.§.#,≈,,##.§§§§§..§
#§##+#..#§§#.###§#,≈,,#.§..§§"...
#§##.#.........#@#**,,#.§....%...
+.####.......§.#C#,+,,##.........
#§#.[+......####§#,**'*#.........
#§#####...###..§§#,*≈≈≈##........
+.#$%%#####..C####,*≈≈≈≈##...[.(#
###[...C....###,,,,*≈≈≈≈≈########
*,,(....#####,,,,****≈≈≈≈*≈≈≈≈≈*,
*,,...,**,,,,,,,,*,,*'≈≈≈'≈≈,≈≈',
*,,C,,**,,,,,,,,,*,,,**≈≈*≈≈≈≈≈*≈


You could see a fire giant.

Vanquished Creatures
  A golden dragon (D)
  A shadow dragon (D)
  2 fire giants (D)
  A lorocyproca (D)
  A hydra (D)
  2 centaur warriors (D)
  Sonja (D)
  7 unseen horrors (D)
  A deep troll (D)
  A lindwurm (D)
  8 shining eyes (D)
  An oklob plant (D)
  A gargoyle (D)
  2 kobold demonologists (D)
  4 demonic crawlers (D)
  A slime creature (D)
  2 redbacks (D)
  Sigmund (D)
  A yak (D)
  13 hogs (D)
  7 giant eyeballs (D)
  A wasp (D)
  An ogre (D)
  7 necrophages (D)
  8 jellies (D)
  Ijyb (D)
  3 ballistomycetes (D)
80 creatures vanquished.

Vanquished Creatures (others)
  A gargoyle (D)
  2 giant spores (D)
3 creatures vanquished.

Grand Total: 83 creatures vanquished

Notes
Turn   | Place    | Note
--------------------------------------------------------------
     0 | D        | Kidiri the Spriggan Enchanter began the quest for the Orb.
     0 | D        | Reached XP level 1. HP: 9/9 MP: 5/5
     2 | D        | Noticed Ijyb
    22 | D        | Killed Ijyb
    22 | D        | Reached skill level 1 in Fighting
    22 | D        | Reached skill level 1 in Armour
    22 | D        | Reached skill level 5 in Stealth
    22 | D        | Reached XP level 2. HP: 14/14 MP: 5/8
    76 | D        | Noticed an ogre
    78 | D        | Killed an ogre
    78 | D        | Reached skill level 7 in Stealth
    78 | D        | Reached skill level 5 in Spellcasting
    78 | D        | Reached XP level 3. HP: 18/18 MP: 9/11
    78 | D        | Reached XP level 4. HP: 23/23 MP: 9/12
    82 | D        | Learned a level 2 spell: Ensorcelled Hibernation
    86 | D        | Learned a level 3 spell: Confuse
    90 | D        | Learned a level 3 spell: Tukima's Dance
    94 | D        | Learned a level 3 spell: Dazzling Spray
   207 | D        | Noticed Sigmund
   215 | D        | Killed Sigmund
   215 | D        | Reached skill level 5 in Short Blades
   215 | D        | Reached skill level 9 in Stealth
   215 | D        | Reached skill level 1 in Conjurations
   215 | D        | Reached skill level 5 in Hexes
   215 | D        | Reached skill level 1 in Ice Magic
   215 | D        | Reached XP level 5. HP: 27/27 MP: 1/15
   215 | D        | Reached XP level 6. HP: 32/32 MP: 1/16
   416 | D        | Found a snail-covered altar of Cheibriados.
   416 | D        | Found a shadowy altar of Dithmenos.
   416 | D        | Noticed a slime creature
   417 | D        | Found a viscous altar of Jiyva.
   417 | D        | Found a blossoming altar of Fedhas.
   421 | D        | Killed a slime creature
   421 | D        | Reached skill level 10 in Stealth
   424 | D        | Became a worshipper of Dithmenos the Shadowed
   445 | D        | Found a deep blue altar of Sif Muna.
   447 | D        | Found a radiant altar of Vehumet.
   481 | D        | Found Plog's Antique Weapon Emporium.
   481 | D        | Found a white marble altar of Elyvilon.
   481 | D        | Found a stormy altar of Qazlal.
   481 | D        | Found a burning altar of Makhleb.
   481 | D        | Found a sacrificial altar of Ru.
   481 | D        | Found a hazy altar of Hepliaklqana.
   481 | D        | Found an oddly glowing altar of Pakellas.
   481 | D        | Found a hide-covered altar of Uskayaw.
   481 | D        | Found a basalt altar of Yredelemnul.
   481 | D        | Found a glowing golden altar of the Shining One.
   481 | D        | Found a sparkling altar of Nemelex Xobeh.
   481 | D        | Found a shimmering altar of Xom.
   481 | D        | Found an opulent altar of Gozag.
   481 | D        | Found an ancient bone altar of Kikubaaqudgha.
   481 | D        | Found a glowing silver altar of Zin.
   481 | D        | Noticed a yak
   482 | D        | Found an iron altar of Okawaru.
   483 | D        | Killed a yak
   483 | D        | Reached skill level 1 in Invocations
   483 | D        | Reached XP level 7. HP: 36/36 MP: 17/19
   484 | D        | Found a bloodstained altar of Trog.
   501 | D        | Noticed Sonja
   507 | D        | Killed Sonja
   507 | D        | Reached * piety under Dithmenos
   507 | D        | Reached skill level 10 in Dodging
   507 | D        | Reached skill level 11 in Stealth
   507 | D        | Reached XP level 8. HP: 42/42 MP: 16/22
   544 | D        | Found Beusomat's General Store.
   569 | D        | Noticed a deep troll
   573 | D        | Killed a deep troll
   573 | D        | Reached skill level 12 in Stealth
   584 | D        | Found Imniblan's Armour Emporium.
   602 | D        | Noticed a centaur warrior
   602 | D        | Noticed a centaur warrior
   607 | D        | Killed a centaur warrior
   607 | D        | Reached skill level 13 in Stealth
   607 | D        | Reached skill level 10 in Spellcasting
   607 | D        | Reached XP level 9. HP: 21/46 MP: 20/24
   625 | D        | Killed a centaur warrior
   625 | D        | Reached ** piety under Dithmenos
   625 | D        | Reached skill level 5 in Fighting
   768 | D        | Noticed an oklob plant
   770 | D        | Killed an oklob plant
   770 | D        | Reached skill level 10 in Short Blades
   770 | D        | Reached skill level 14 in Stealth
   813 | D        | Reached *** piety under Dithmenos
   813 | D        | Reached XP level 10. HP: 51/51 MP: 21/26
   839 | D        | Noticed an unseen horror
   840 | D        | Noticed an unseen horror
   846 | D        | Killed an unseen horror
   846 | D        | Reached skill level 5 in Armour
   846 | D        | Reached skill level 5 in Ice Magic
   848 | D        | Killed an unseen horror
   848 | D        | Reached skill level 15 in Stealth
   967 | D        | Reached **** piety under Dithmenos
  1056 | D        | Reached ***** piety under Dithmenos
  1110 | D        | Got a silken robe
  1112 | D        | Got a faintly glowing robe
  1124 | D        | Identified the +0 robe of the Hills {Int+2} (You found it in the Dungeon)
  1134 | D        | Identified the cursed +1 robe of the Kraken {rF+ MR+} (You found it in the Dungeon)
  1225 | D        | Found Ixkuem's Food Shoppe.
  1225 | D        | Found Inevvyca's Armour Shop.
  1225 | D        | Found Balao's Book Boutique.
  1227 | D        | Found Oxeelewile's Antique Weapon Emporium.
  1227 | D        | Found Xeuwk's Gadget Shop.
  1227 | D        | Found Hiumotau's Assorted Antiques.
  1227 | D        | Found Onkudam's Food Boutique.
  1227 | D        | Found Ruchoe's Book Emporium.
  1227 | D        | Found Jugunkar's Distillery.
  1227 | D        | Found Vonidd's Antique Weapon Shoppe.
  1231 | D        | Found Eloseu's Jewellery Boutique.
  1232 | D        | Found Dinlecra's Jewellery Emporium.
  1232 | D        | Found Buing's Antique Weapon Boutique.
  1233 | D        | Found Zooqeudi's Weapon Emporium.
  1252 | D        | Bought a book of Spatial Translocations for 780 gold pieces
  1264 | D        | Learned a level 1 spell: Apportation
  1267 | D        | Learned a level 2 spell: Blink
  1270 | D        | Learned a level 2 spell: Shroud of Golubria
  1275 | D        | Learned a level 4 spell: Passage of Golubria
  1330 | D        | Killed a gargoyle
  1449 | D        | Reached skill level 1 in Translocations
  1451 | D        | Reached skill level 1 in Charms
  1523 | D        | Reached skill level 5 in Conjurations
  1735 | D        | Noticed a lindwurm
  1738 | D        | Killed a lindwurm
  1738 | D        | Reached skill level 16 in Stealth
  1738 | D        | Reached XP level 11. HP: 55/55 MP: 28/28
  1751 | D        | Reached ****** piety under Dithmenos
  1755 | D        | Reached skill level 15 in Dodging
  1777 | D        | Reached skill level 10 in Hexes
  1884 | D        | Noticed a 12-headed hydra
  1886 | D        | Killed a 12-headed hydra
  2095 | D        | Noticed a daeva
  2098 | D        | Noticed an unseen horror
  2098 | D        | Noticed an unseen horror
  2098 | D        | Noticed an unseen horror
  2099 | D        | Noticed an unseen horror
  2101 | D        | Killed an unseen horror
  2101 | D        | Reached skill level 5 in Charms
  2102 | D        | Noticed an unseen horror
  2103 | D        | Killed an unseen horror
  2103 | D        | Reached skill level 17 in Stealth
  2103 | D        | Reached skill level 5 in Translocations
  2104 | D        | Killed an unseen horror
  2106 | D        | Killed an unseen horror
  2108 | D        | Killed an unseen horror
  2182 | D        | Noticed a fire giant
  2246 | D        | Bought a potion of curing for 30 gold pieces
  2246 | D        | Bought a fruit for 15 gold pieces
  2246 | D        | Bought a scroll of blinking for 75 gold pieces
  2246 | D        | Bought a scroll of identify for 20 gold pieces
  2249 | D        | Noticed a shining eye
  2249 | D        | Noticed a shining eye
  2249 | D        | Noticed a shining eye
  2250 | D        | Noticed a shining eye
  2250 | D        | Noticed a shining eye
  2250 | D        | Noticed a shining eye
  2264 | D        | Paralysed by a giant eyeball for 4 turns
  2271 | D        | Gained mutation: Your spells are a little easier to cast, but a little less powerful. [a shining eye]
  2273 | D        | Gained mutation: You are frail. (-10% HP) [a shining eye]
  2274 | D        | Killed a shining eye
  2277 | D        | Killed a shining eye
  2281 | D        | Killed a shining eye
  2351 | D        | Noticed a shining eye
  2351 | D        | Noticed a shining eye
  2352 | D        | Killed a shining eye
  2355 | D        | Killed a shining eye
  2357 | D        | Killed a shining eye
  2357 | D        | Reached XP level 12. HP: 55/55 MP: 21/31
  2358 | D        | Gained mutation: Potions and wands are less effective at restoring your health. [a shining eye]
  2363 | D        | Reached skill level 18 in Stealth
  2445 | D        | Found Silil's Jewellery Shoppe.
  2445 | D        | Found Ympieps's Gadget Boutique.
  2445 | D        | Found Utint's Armour Emporium.
  2446 | D        | Found Xuekaf's Antique Weapon Shop.
  2461 | D        | Bought a +4 amulet of reflection for 325 gold pieces
  2483 | D        | Bought a potion of beneficial mutation for 350 gold pieces
  2483 | D        | Gained mutation: You are somewhat resistant to further mutation. [potion of beneficial mutation]
  3181 | D        | Bought the ring "Nulenum" {Ice +Fly rElec rPois rN+} for 594 gold pieces
  3272 | D        | Noticed Norris
  3376 | D        | Noticed a lorocyproca
  3378 | D        | Killed a lorocyproca
  3668 | D        | Noticed a golden dragon
  3670 | D        | Noticed a shadow dragon
  3671 | D        | Killed a golden dragon
  3673 | D        | Killed a shadow dragon
  3673 | D        | Reached skill level 15 in Spellcasting
  3736 | D        | Found Nutiluwi's Antique Weapon Shoppe.
  3852 | D        | Bought a book of the Earth for 780 gold pieces
  3859 | D        | Learned a level 6 spell: Iron Shot
  3869 | D        | Learned a level 9 spell: Shatter
  3959 | D        | Noticed a fire giant
  3960 | D        | Noticed a fire giant
  3960 | D        | Noticed a fire giant
  4057 | D        | Killed a fire giant
  4057 | D        | Reached skill level 19 in Stealth
  4169 | D        | Killed a fire giant
  4169 | D        | Reached skill level 1 in Earth Magic
  4192 | D        | Slain by a fire giant

Vault maps used:
D:        dungeon_sprint_1

Skill      XL: |  1  2  3  4  5  6  7  8  9 10 11 12 |
---------------+-------------------------------------+-----
Fighting       | 1 2 3 4 5 6 7 |  7.7
Short Blades   | 2 4 5 7 8 9 10 11 13 14 | 14.0
Armour         | 1 2 3 4 5 6 7 |  7.1
Dodging        | 4 6 8 9 10 12 13 14 16 17 | 17.8
Stealth        | 5 7 9 10 11 13 14 16 17 19 | 19.1
Spellcasting   | 4 5 6 8 9 10 11 12 14 15 | 15.2
Hexes          | 4 5 6 7 8 9 10 11 | 11.6
Conjurations   | 1 2 3 4 5 6 |  6.9
Ice Magic      | 1 2 3 4 5 6 7 |  7.3
Invocations    | 1 2 3 |  3.2
Translocations | 3 6 8 |  8.6
Charms         | 3 7 9 |  9.0
Earth Magic    | 1 |  1.2

Action                   |  1- 3 |  4- 6 |  7- 9 | 10-12 || total
-------------------------+-------+-------+-------+-------++-------
Melee: Dagger            |    14 |     4 |    20 |   142 ||   180
       Rapier            |       |       |       |     4 ||     4
 Cast: Corona            |     1 |       |       |       ||     1
       Ensorcelled Hiber |       |     5 |     9 |    20 ||    34
       Tukima's Dance    |       |     1 |       |       ||     1
       Dazzling Spray    |       |       |     1 |    34 ||    35
       Confuse           |       |       |     1 |     2 ||     3
Invok: Shadow Step       |       |       |       |     9 ||     9
  Use: Potion            |     1 |       |     1 |     2 ||     4
       Scroll            |       |       |       |     4 ||     4
 Stab: Sleeping          |     1 |     4 |     8 |    45 ||    58
       Invisible         |       |       |     2 |     8 ||    10
       Distracted        |       |       |       |     1 ||     1
  Eat: Bread ration      |       |       |       |     1 ||     1
       Fruit             |       |       |       |     1 ||     1
Armor: Robe              |     2 |     1 |       |     3 ||     6
Dodge: Dodged            |     7 |     2 |    15 |    77 ||   101
Block: Other             |       |       |       |     1 ||     1
